 Dungeon Crawl Stone Soup version 0.29-a0-284-gf9362112df (webtiles) character file.

Game seed: 5651396316482935412

162 jmlagarto the Shooter (level 5, -3/45 HPs)
             Began as a Minotaur Hunter on Mar 14, 2022.
             Was a Plaything of Xom.
             Slain by a gnoll
             ... wielding a +0 halberd
              (13 damage)
             ... on level 3 of the Dungeon.
             The game lasted 00:05:15 (1810 turns).

jmlagarto the Shooter (Minotaur Hunter)             Turns: 1810, Time: 00:05:15

Health: -3/45      AC:  5    Str: 15    XL:     5   Next: 19%
Magic:  4/4        EV: 12    Int:  6    God:    Xom [.....*]
Gold:   92         SH:  0    Dex: 16    Spells: 4/4 levels left

rFire   . . .      SeeInvis .   f - +4 dagger
rCold   . . .      Faith    .   (no shield)
rNeg    . . .      Spirit   .   b - +2 leather armour
rPois   .          Reflect  .   (helmet restricted)
rElec   .          Harm     .   (no cloak)
rCorr   .          Rampage  .   (no gloves)
Will    .....                   (no boots)
Stlth   ++........              (no amulet)
HPRegen 0.15/turn               (no ring)
MPRegen 0.09/turn               (no ring)

@: brilliant
A: horns 2, retaliatory headbutt
a: Renounce Religion


You were on level 3 of the Dungeon.
You worshipped Xom.
You were Xom's teddy bear.
You visited 1 branch of the dungeon, and saw 3 of its levels.

You collected 92 gold pieces.

Inventory:

Hand Weapons
 a - a +1 shortbow
 f - a +4 dagger (weapon)
Armour
 b - a +2 leather armour (worn)
Jewellery
 e - a ring of poison resistance
Scrolls
 c - a scroll of enchant weapon {unknown}
 d - a scroll of amnesia
 g - a scroll of fog
 j - a scroll of teleportation
 k - a scroll of blinking
 l - a scroll of summoning
Potions
 h - a potion of attraction


   Skills:
 + Level 3.0 Fighting
 + Level 1.0 Short Blades
 + Level 6.4 Bows
 + Level 1.5 Armour
 + Level 2.3 Dodging
 + Level 1.0 Stealth


You had 4 spell levels left.
You didn't know any spells.
Your spell library was empty.

Dungeon Overview and Level Annotations

Branches:
Dungeon (3/15)

Altars:
Xom


Innate Abilities, Weirdness & Mutations

You have a pair of horns on your head.
You reflexively headbutt those who attack you in melee.


Message History

You closely miss the giant cockroach.
The giant cockroach is heavily wounded.
The giant cockroach bites you.
The gnoll hits you from afar with a +0 halberd!
You puncture the giant cockroach!
You kill the giant cockroach!
The gnoll misses you.
You hit the endoplasm.
The endoplasm is heavily wounded.
The endoplasm barely misses you. The gnoll closely misses you.
You hit the endoplasm.
The endoplasm is almost dead.
The endoplasm hits you.
The gnoll hits you from afar with a +0 halberd.
You hit the endoplasm.
You kill the endoplasm!
You feel much better. The gnoll closely misses you.
You hit the gnoll. You headbutt the gnoll.
The gnoll is heavily wounded.
The gnoll hits you with a +0 flail.
The gnoll hits you from afar with a +0 halberd.
You hit the gnoll.
The gnoll is almost dead.
The gnoll hits you with a +0 flail. The gnoll closely misses you.
You barely miss the gnoll.
The gnoll is almost dead.
The gnoll barely misses you.
The gnoll hits you from afar with a +0 halberd!
You barely miss the gnoll.
The gnoll is almost dead.
The gnoll hits you with a +0 flail! The gnoll closely misses you.
You hit the gnoll.
You kill the gnoll!
The gnoll hits you from afar with a +0 halberd.
* * * LOW HITPOINT WARNING * * *
Your Fighting skill increases to level 3!
It was a potion of brilliance.
You feel clever all of a sudden.
The gnoll hits you from afar with a +0 halberd!
You die...

...... g..=... .....
....... .... .g.)... ...
##.....>. .. #........
#.# #........
#.###w...>... #.
#.@.g........ #.
#.###........ #.#
#.###........ ##..
##.##..........##...
#.........###...#<#.
#..#.####.##........
##..#.###..##..##..<.
####...#..........##.##.
#.................##.##.


You could see a worm and a gnoll.

Vanquished Creatures
  An iguana (D:3)
  4 gnolls
  3 adders
  A dart slug (D:2)
  3 orcs (D:3)
  4 ball pythons
  6 endoplasms
  4 giant cockroaches
  3 hobgoblins
  7 jackals
  4 quokkas
  3 bats
  4 frilled lizards
  5 goblins
  4 kobolds
  5 rats
61 creatures vanquished.

Notes
Turn   | Place    | Note
-------+----------+-------------------------------------------
     0 | D:1      | jmlagarto the Minotaur Hunter began the quest for the Orb.
     0 | D:1      | Reached XP level 1. HP: 18/18 MP: 0/0
    36 | D:1      | Reached skill level 1 in Stealth
   134 | D:1      | Reached XP level 2. HP: 25/25 MP: 1/1
   249 | D:1      | Reached skill level 5 in Bows
   409 | D:1      | Reached XP level 3. HP: 29/30 MP: 2/2
   499 | D:1      | Found a faded altar of an unknown god.
   737 | D:1      | Prayed at the altar of an unknown god.
   737 | D:1      | Became a worshipper of Xom of Chaos
  1025 | D:2      | XOM: divination: detect items
  1026 | D:2      | XOM: silly message
  1149 | D:2      | Reached XP level 4. HP: 37/37 MP: 3/3
  1208 | D:2      | XOM: divination: detect creatures
  1254 | D:2      | XOM: 5-stop teleportation journey
  1264 | D:2      | XOM: cloud trail
  1413 | D:3      | XOM: scenery: create altars
  1418 | D:3      | Reached skill level 1 in Short Blades
  1418 | D:3      | Reached skill level 6 in Bows
  1418 | D:3      | Reached skill level 1 in Armour
  1786 | D:3      | Reached XP level 5. HP: 42/42 MP: 4/4
  1810 | D:3      | Slain by a gnoll

Illustrated notes

Levels and vault maps discovered:
D:1:      heliophobic_arrival_enchanted_forest, layout_loops_ring,
          basic_ecumenical_altar
D:2:      layout_rooms
D:3:      layout_rooms

Skill      XL: |  1  2  3  4  5 |
---------------+----------------+-----
Stealth        | 1 |  1.0
Bows           | 5 6 |  6.4
Short Blades   | 1 |  1.0
Armour         | 1 |  1.5
Fighting       | 3 |  3.0
Dodging        | |  2.3

Action                   |  1- 3 |  4- 6 || total
-------------------------+-------+-------++-------
Melee: Dagger            |    18 |    20 ||    38
       Headbutt          |     4 |     4 ||     8
 Fire: Shortbow          |    65 |    45 ||   110
  Use: Scroll            |     8 |     4 ||    12
       Potion            |       |     2 ||     2
Armor: Leather armour    |     6 |     6 ||    12
Dodge: Dodged            |    11 |    18 ||    29

Table legend: (Time is in decaauts)
 A = Elapsed time spent in this place.
 B = Non-inter-level travel time spent in this place.
 C = Inter-level travel time spent in this place.
 D = Time resting spent in this place.
 E = Time spent auto-exploring this place.
 F = Levels seen in this place.
 G = Mean time per level.
                   A        B        C        D        E       F      G
               +--------+--------+--------+--------+--------+-----+--------+
         Total |   1829 |   1712 |    117 |      0 |   1412 |   3 |  609.7 |
       Dungeon |   1829 |   1712 |    117 |      0 |   1412 |   3 |  609.7 |
               +--------+--------+--------+--------+--------+-----+--------+

Top non-repeatable levels by time:
     D:1: 798 daAuts
     D:2: 622 daAuts
     D:3: 408 daAuts
